 Dungeon Crawl Stone Soup version 0.28-a0-1213-g0243856f03 (webtiles) character file.

Game seed: 444004324598833341

7554 vineage the Fighter (level 11, -1/63 HPs)
             Began as a Gargoyle Fighter on Dec 21, 2021.
             Was a High Priest of Okawaru.
             Incinerated by a smoke demon (2 damage)
             ... with a sticky flame
             ... on level 2 of the Abyss.
             The game lasted 00:15:27 (11762 turns).

vineage the Fighter (Gargoyle Fighter)             Turns: 11762, Time: 00:15:27

Health: -1/63      AC: 18    Str: 15    XL:     11   Next: 17%
Magic:  12/12      EV: 13    Int: 10    God:    Okawaru [*****.]
Gold:   422        SH:  5    Dex: 13    Spells: 10/10 levels left

rFire   . . .      SeeInvis .   I - +9 hand axe "Pafirrug" {vorpal, rPois}
rCold   . . .      Faith    .   c - +0 buckler
rNeg    + . .      Spirit   .   b - +0 scale mail
rPois   ∞          Reflect  .   q - +1 hat
rElec   +          Harm     .   n - +0 cloak
rCorr   .          Rampage  .   h - +1 pair of gloves
Will    .....      Rage     3%  (no boots)
Stlth   ..........              (no amulet)
HPRegen 0.20/turn               l - +4 ring of evasion
MPRegen 0.13/turn               (no ring)

@: on fire, on berserk cooldown, hasted and slowed, glowing
A: sickness immunity, AC +8, negative energy resistance 1, electricity
resistance, torment resistance 1, petrification resistance, [berserk 2],
[deformed body], [frail 2], [weak 2], [no potion heal 2], [subdued magic 2]
a: Renounce Religion, Heroism, Finesse, Duel


You were on level 2 of the Abyss.
You worshipped Okawaru.
Okawaru was extremely pleased with you.
You visited 2 branches of the dungeon, and saw 11 of its levels.
You visited the Abyss 1 time.

You collected 724 gold pieces.
You spent 302 gold pieces at shops.

Inventory:

Hand Weapons
 a - a +0 flail
 m - a +3 short sword
 p - a +3 war axe
 s - a +2 vorpal dire flail
 I - the +9 hand axe "Pafirrug" (weapon) {vorpal, rPois}
   (You bought it in a shop on level 9 of the Dungeon)

   It inflicts extra damage upon your enemies.
   rPois:     It protects you from poison.
 J - a +2 scimitar of flaming
Missiles
 E - a throwing net (quivered)
Armour
 b - a +0 scale mail (worn)
 c - a +0 buckler (worn)
 h - a +1 pair of gloves (worn)
 n - a +0 cloak (worn)
 q - a +1 hat (worn)
Jewellery
 l - a +4 ring of evasion (left hand)
 A - a ring of protection from cold
 H - a ring of resist corrosion
Wands
 k - a wand of iceblast (16)
 x - a wand of digging (2)
 C - a wand of acid (10)
Scrolls
 e - 2 scrolls of fog
 i - 3 scrolls of teleportation
 j - a scroll of enchant armour
 y - 2 scrolls of identify
Potions
 d - a potion of attraction
 f - 4 potions of lignification
 g - a potion of resistance {unknown}
 o - 2 potions of haste
 r - a potion of cancellation {unknown}
 t - a potion of heal wounds {unknown}
 u - 2 potions of might
 v - 3 potions of invisibility
 w - a potion of berserk rage
 z - a potion of mutation {unknown}
 B - a potion of degeneration {unknown}
 D - a potion of flight {unknown}


   Skills:
 + Level 13.7 Fighting
 - Level 8.1 Maces & Flails
 + Level 9.4 Armour
 + Level 4.0 Shields
 + Level 2.1 Invocations


You had 10 spell levels left.
You didn't know any spells.
Your spell library contained the following spells:

 Spells                   Type           Power      Damage    Failure   Level
 Ensorcelled Hibernation  Hex/Ice        0%         N/A       82%         2
 Stone Arrow              Conj/Erth      0%         3d7       96%         3
 Petrify                  Tmut/Erth      0%         N/A       100%        4
 Irradiate                Conj/Tmut      0%         3d13      100%        5
 Lehudib's Crystal Spear  Conj/Erth      0%         10d2      100%        8
 Sublimation of Blood     Necr           Unusable   N/A       N/A         2
 Tukima's Dance           Hex            Unusable   N/A       N/A         3
 Animate Armour           Summ/Erth      Unusable   N/A       N/A         4

Dungeon Overview and Level Annotations

Branches:
Dungeon (10/15)            Temple (1/1) D:4             Orc (0/2) D:9
   Lair: D:8-11

Altars:
Ashenzari
Cheibriados
Elyvilon
Fedhas
Gozag
Kikubaaqudgha
Makhleb
Nemelex Xobeh
Okawaru
Qazlal
Ru
Sif Muna
Trog
Uskayaw
Vehumet
Wu Jian
Yredelemnul
Zin
The Shining One

Shops:
D:5 =*   D:7 (   D:9 *

Annotations:
D:10 Erolcha


Innate Abilities, Weirdness & Mutations

You are immune to sickness and miasma.
Your stone body is resilient. (AC +8)
You are immune to poison.
You resist negative energy. (rN+)
You are resistant to electric shocks. (rElec)
You are resistant to unholy torment.
You are immune to petrification.
[You often lose your temper in combat.]
[Armour fits poorly on your strangely shaped body.]
[You are very frail. (-20% HP)]
[You are very weak. (Str -4)]
[Potions cannot restore your health.]
[Your spells are easier to cast, but less powerful.]


Message History

You feel a little pissed off.
You feel angry.
You are covered in liquid flames!
You are no longer on fire.
The wretched star pulses with an eldritch light!
Your system partially rejects the healing effects of potions.
Your system completely rejects the healing effects of potions.
The smoke demon gestures at you. The sticky flame hits you.
You are covered in liquid flames!
* * * LOW HITPOINT WARNING * * *
You are covered in liquid flames!
* * * LOW HITPOINT WARNING * * *
You are covered in liquid flames!
* * * LOW HITPOINT WARNING * * *
You are covered in liquid flames!
* * * LOW HITPOINT WARNING * * *
It was a potion of berserk rage.
A red film seems to cover your vision as you go berserk!
You feel yourself moving faster!
You feel mighty!
You feel a strong urge to attack something.
You feel your anger nearly subside.
You are no longer berserk.
You are exhausted.
You feel yourself slow down.
The wretched star pulses with an eldritch light!
Your connection to magic feels subdued.
Your connection to magic feels more subdued.
Found a leather armour.
An ancient zyme comes into view.
The smoke demon gestures at you.
The sticky flame hits you but does no damage.
You are covered in liquid flames!
You are covered in liquid flames!
* * * LOW HITPOINT WARNING * * *
The smoke demon gestures at you. The ball of steam misses you.
It was a potion of haste.
You feel yourself speed up.
You are engulfed in a cloud of scalding steam.
You are covered in liquid flames!
You die...

# ###... #### #.##
####.### #.[#
#..###....#.. # ..#
#..#.....#..# #. # ...
###......####.
...##.#.# #..#.........
#...#.###....#.#.#.##.
#.....#§3*...# ...##
#....@§.#..#.#..#...
...#.§§#..#...####....#
#...§..#...# ## #..# #
.#...#.#.....# ..##.
#..#...#.#..# #. ....
#......## ... .##.....
.. . #..x..


You could see a wretched star, an ancient zyme (wandering) and a smoke demon.

Vanquished Creatures
  Erica (D:10)
  A cyclops (D:10)
  A kobold demonologist (D:8)
  A shadow (D:10)
  3 wyverns
  A yak (D:7)
  Edmund (D:5)
  Duvessa (D:6)
  2 water moccasins
  2 sky beasts
  3 orc warriors
  3 ice beasts
  5 ogres
  A black bear (D:6)
  2 necrophages
  A centaur (D:8)
  A phantom (D:7)
  2 kobold brigands (D:8)
  5 bullfrogs (D:7)
  2 water moccasin zombies (D:5)
  2 gnoll sergeants
  2 scorpions (D:6)
  Dowan (D:6)
  7 killer bees
  5 wights (D:8)
  5 howler monkeys
  2 bullfrog zombies (D:5)
  5 centaur zombies
  2 jellies
  A gnoll shaman (D:3)
  9 orc priests
  8 hounds
  A bullfrog skeleton (D:6)
  3 iguanas
  6 orc wizards
  A scorpion zombie (D:5)
  A hound zombie (D:5)
  A hound skeleton (D:4)
  13 gnolls
  6 adders
  A shadow imp (D:7)
  An adder zombie (D:5)
  2 adder skeletons
  A dart slug (D:1)
  36 orcs
  2 endoplasms
  5 giant cockroaches
  12 goblins
  12 hobgoblins
  6 jackals (D:1)
  3 quokkas
  8 ball pythons
  4 bats
  4 frilled lizards
  20 kobolds
  6 rats
  A butterfly (D:4)
244 creatures vanquished.

Vanquished Creatures (others)
  2 withered plants (D:5)
2 creatures vanquished.

Grand Total: 246 creatures vanquished

Notes
Turn   | Place    | Note
-------+----------+-------------------------------------------
     0 | D:1      | vineage the Gargoyle Fighter began the quest for the Orb.
     0 | D:1      | Reached XP level 1. HP: 14/14 MP: 1/1
   132 | D:1      | Reached XP level 2. HP: 5/20 MP: 2/2
   136 | D:1      | Reached skill level 4 in Fighting
   440 | D:1      | Found a faded altar of an unknown god.
   483 | D:1      | Reached XP level 3. HP: 6/24 MP: 3/3
  1387 | D:2      | Reached skill level 5 in Fighting
  1595 | D:2      | Reached XP level 4. HP: 29/31 MP: 4/4
  2566 | D:4      | Noticed an ogre
  2593 | D:4      | Killed an ogre
  2594 | D:4      | Reached skill level 6 in Fighting
  2594 | D:4      | Reached XP level 5. HP: 37/37 MP: 5/5
  2779 | D:4      | Noticed an ogre
  2793 | D:4      | Killed an ogre
  2794 | D:4      | Reached skill level 7 in Fighting
  2794 | D:4      | Reached XP level 6. HP: 27/44 MP: 6/6
  3212 | D:4      | Reached skill level 8 in Fighting
  3525 | D:4      | Found a staircase to the Ecumenical Temple.
  3542 | Temple   | Entered the Ecumenical Temple
  3694 | Temple   | Became a worshipper of Warmaster Okawaru
  3728 | D:4      | Found an ancient bone altar of Kikubaaqudgha.
  4347 | D:5      | Entered Level 5 of the Dungeon
  4350 | D:5      | Noticed a sky beast
  4369 | D:4      | Reached XP level 7. HP: 43/50 MP: 7/7
  4571 | D:5      | Reached skill level 9 in Fighting
  4667 | D:5      | Found a snail-covered altar of Cheibriados.
  4674 | D:5      | Noticed Edmund
  4685 | D:5      | Killed Edmund
  4862 | D:5      | Reached * piety under Okawaru
  4863 | D:5      | Reached skill level 10 in Fighting
  4924 | D:5      | Reached XP level 8. HP: 57/57 MP: 8/8
  5274 | D:5      | Found Puemit's General Store.
  5277 | D:5      | Bought 2 potions of might for 96 gold pieces
  5277 | D:5      | Bought a scroll of identify for 24 gold pieces
  5735 | D:5      | Found Xootoede's Jewellery Boutique.
  5876 | D:5      | Reached ** piety under Okawaru
  5877 | D:5      | Reached skill level 11 in Fighting
  6353 | D:6      | Reached skill level 5 in Armour
  6487 | D:6      | Reached XP level 9. HP: 64/64 MP: 9/9
  6511 | D:6      | Found a shimmering blue altar of Sif Muna.
  6611 | D:6      | Found a sacrificial altar of Ru.
  6930 | D:6      | Noticed Duvessa
  6930 | D:6      | Noticed Dowan
  6965 | D:6      | Killed Duvessa
  6968 | D:6      | Killed Dowan
  7392 | D:7      | Reached skill level 5 in Maces & Flails
  7406 | D:7      | Reached skill level 12 in Fighting
  7499 | D:7      | Reached *** piety under Okawaru
  7561 | D:7      | Identified the +5 rapier of Filigreed Conscience {vorpal,
                  | *Corrode rF+ Dex+8}
  7878 | D:7      | Reached XP level 10. HP: 60/72 MP: 10/10
  7955 | D:7      | Found Amez's Weapon Boutique.
  8244 | D:7      | Found a glowing golden altar of the Shining One.
  8955 | D:8      | Noticed a kobold demonologist
  8972 | D:8      | Killed a kobold demonologist
  8972 | D:8      | Reached **** piety under Okawaru
  9010 | D:8      | Reached skill level 13 in Fighting
  9737 | D:8      | Found a bloodstained altar of Trog.
 10134 | D:9      | Found a burning altar of Makhleb.
 10139 | D:9      | You fall into a shaft and drop 1 floor!
 10139 | D:10     | Entered Level 10 of the Dungeon
 10179 | D:10     | Noticed a cyclops
 10195 | D:10     | Killed a cyclops
 10195 | D:10     | Received a gift from Okawaru
 10484 | D:9      | Found a staircase to the Orcish Mines.
 10637 | D:9      | Found Dam Hag's CLEARANCE SALE!.
 10892 | D:9      | Found a glowing silver altar of Zin.
 11080 | D:9      | Reached XP level 11. HP: 78/78 MP: 11/11
 11188 | D:9      | Bought the +9 hand axe "Pafirrug" {vorpal, rPois} for 182
                  | gold pieces
 11402 | D:10     | Found an ornate altar of the Wu Jian Council.
 11441 | D:10     | Noticed Erica
 11459 | D:10     | Killed Erica
 11459 | D:10     | Received a gift from Okawaru
 11460 | D:10     | Reached skill level 1 in Invocations
 11461 | D:10     | Reached ***** piety under Okawaru
 11602 | D:10     | Noticed Erolcha
 11611 | D:10     | Cast into level 2 of the Abyss (Erolcha)
 11725 | Abyss:2  | Noticed a wretched star
 11761 | Abyss:2  | HP: 1/63 [burnt (6)]
 11762 | Abyss:2  | Incinerated by a smoke demon

Illustrated notes

Levels and vault maps discovered:
D:1:      eino_arrival_cavern_b, layout_rooms, nicolae_ecumenical_snake_handling
D:2:      layout_basic
D:3:      layout_basic
D:4:      layout_basic, kiku_gazebo_pond_becter,
          minmay_temple_entry_butterflies, st_stairs_4, chequers_avenue,
          uniq_grinder
D:5:      layout_loops_ring, lemuel_round_altar, serial_shops,
          kennysheep_mini_moat, nicolae_shop_behind_doors, serial_undead,
          serial_undead_a, serial_undead_f, serial_undead_b, serial_undead_a,
          uniq_edmund
D:6:      layout_layer_cave, grunt_temple_overflow_open, uniq_duvessa
D:7:      minmay_recursive_quarters, layout_loops_ring, tso_metal_star,
          serial_shops, nicolae_square_shop, kennysheep_diamond
D:8:      layout_basic, trog_hazing_becter
D:9:      layout_loops_corners, zin_scriptorium,
          mainiacjoe_overflow_cross_hatched, orc_0_dummy, nicolae_shop_clearance
D:10:     layout_roguey, nzn_wu_jian_contemplation, dk_noncrumbling_3,
          uniq_erica, uniq_erolcha
Temple:   nicolae_temple_figure_eight
Abyss:2:  base:
D:2

Skill      XL: |  1  2  3  4  5  6  7  8  9 10 11 |
---------------+----------------------------------+-----
Fighting       | 4 5 6 7 8 10 11 12 13 | 13.7
Armour         | 5 7 9 |  9.4
Maces & Flails | 4 6 8 |  8.1
Invocations    | 2 |  2.1
Shields        | 4 |  4.0

Action                   |  1- 3 |  4- 6 |  7- 9 | 10-12 || total
-------------------------+-------+-------+-------+-------++-------
Melee: Flail             |   141 |       |       |       ||   141
       Short sword       |     6 |   200 |    17 |       ||   223
       Dire flail        |       |       |   284 |   275 ||   559
       War axe           |       |       |    14 |       ||    14
       Hand axe          |       |       |       |    35 ||    35
Invok: Heroism           |       |       |     3 |     7 ||    10
  Use: Potion            |     1 |     1 |     2 |     3 ||     7
       Scroll            |     6 |     2 |     2 |     6 ||    16
Armor: Scale mail        |    80 |   108 |   193 |   160 ||   541
Dodge: Dodged            |   105 |   115 |   238 |   256 ||   714
Block: Buckler           |    42 |    46 |    12 |     9 ||   109

Table legend: (Time is in decaauts)
 A = Elapsed time spent in this place.
 B = Non-inter-level travel time spent in this place.
 C = Inter-level travel time spent in this place.
 D = Time resting spent in this place.
 E = Time spent auto-exploring this place.
 F = Levels seen in this place.
 G = Mean time per level.
                   A        B        C        D        E       F      G
               +--------+--------+--------+--------+--------+-----+--------+
         Total |  11864 |  11440 |    424 |   1574 |   7760 |  12 |  988.7 |
       Dungeon |  11541 |  11138 |    403 |   1574 |   7612 |  10 | 1154.1 |
        Temple |    170 |    149 |     21 |      0 |    148 |   1 |  170.0 |
         Abyss |    152 |    152 |      0 |      0 |      0 |   1 |  152.0 |
               +--------+--------+--------+--------+--------+-----+--------+

Top non-repeatable levels by time:
     D:7: 1890 daAuts
     D:5: 1729 daAuts
     D:4: 1505 daAuts
     D:9: 1186 daAuts
     D:1: 1160 daAuts
     D:6: 946 daAuts
     D:2: 928 daAuts
     D:3: 901 daAuts
     D:8: 777 daAuts
    D:10: 516 daAuts
  Temple: 170 daAuts
 Abyss:2: 152 daAuts
